 Dungeon Crawl Stone Soup version 0.31-a0-700-gf13585253f (webtiles) character file.

Game seed: 3309511431825408999

67 qw the Shooter (level 4, -4/27 HPs)
             Began as a Gargoyle Hunter on Sept 7, 2023.
             Slain by a goblin
             ... wielding a +0 club
             ... led by Robin
              (5 damage)
             ... on level 2 of the Dungeon.
             The game lasted 00:00:32 (750 turns).

qw the Shooter (Gargoyle Hunter)                     Turns: 750, Time: 00:00:33

Health: -4/27      AC:  8    Str: 15    XL:     4   Next: 18%
Magic:  4/4        EV: 11    Int:  9    God:
Gold:   90         SH:  0    Dex: 15    Spells: 3/3 levels left

rFire   . . .        Y - +0 shortbow
rCold   . . .        (shield currently unavailable)
rNeg    + . .        d - +0 ring mail
rPois   inf          (no helmet)
rElec   +            (no cloak)
rCorr   .            (no gloves)
SInv    .            (no boots)
Will    .....        (no amulet)
Stlth   +            (no ring)
HPRegen 0.24/turn    (no ring)
MPRegen 0.09/turn

%: no passive effects
@: no status effects
A: sickness immunity, AC +3, negative energy resistance 1, electricity
resistance, torment resistance 1, petrification resistance
a: no special abilities


You were on level 2 of the Dungeon.
You visited 1 branch of the dungeon, and saw 2 of its levels.

You collected 116 gold pieces.
You spent 26 gold pieces at shops.


Innate Abilities, Weirdness & Mutations

You are immune to sickness and miasma.
Your stone body is resilient. (AC +3)
You are immune to poison.
You resist negative energy. (rN+)
You are resistant to electric shocks. (rElec)
You are resistant to unholy torment.
You are immune to petrification.


   Skills:
 + Level 2.9 Fighting
 - Level 5.1 Ranged Weapons
 - Level 1.0 Armour
 - Level 1.5 Dodging
 - Level 1.1 Stealth


You had 3 spell levels left.
You didn't know any spells.
Your spell library was empty.

Inventory:

Hand Weapons
 Y - a +0 shortbow (weapon)
Armour
 c - a +1 pair of gloves of dexterity
 d - a +0 ring mail (worn)
Scrolls
 a - a scroll of fear {unknown}
 b - a scroll of poison {unknown}
Potions
 e - a potion of ambrosia {unknown}
 f - 2 potions of curing {unknown}
 h - a potion of degeneration {unknown}
 j - a potion of brilliance {unknown}

Dungeon Overview and Level Annotations

Branches:
Dungeon (2/15)

Altars:

Shops:
D:1 *

Annotations:
D:2 Robin


Message History

The goblin barely misses you.
You shoot an arrow. The arrow hits the goblin.
The goblin is moderately wounded.
The goblin closely misses you. x2; The goblin barely misses you.
Robin says, "My goblins will feast on your bones."
Robin throws the goblin at you! The hobgoblin barely misses you.
You shoot an arrow. The arrow barely misses the goblin.
The goblin hits you but does no damage. The hobgoblin hits you.
The goblin barely misses you.
You shoot an arrow. The arrow hits the goblin.
You kill the goblin!
The goblin closely misses you. The goblin hits you with a +0 dagger.
The hobgoblin barely misses you. x2; The goblin hits you with a +0 club.
The hobgoblin closely misses you. The goblin hits you but does no damage.
The goblin hits you with a +0 club. x2; The goblin hits you but does no damage.
The hobgoblin barely misses you.
You shoot an arrow.
The arrow hits the goblin but does no damage.
The goblin is moderately wounded.
The goblin barely misses you. The goblin hits you but does no damage.
The hobgoblin hits you but does no damage.
The goblin closely misses you. The goblin hits you with a +0 dagger.
The hobgoblin barely misses you.
You shoot an arrow. The arrow hits the goblin.
You kill the goblin!
The goblin hits you but does no damage. The goblin misses you.
The hobgoblin closely misses you. The hobgoblin barely misses you.
The goblin closely misses you.
You shoot an arrow. The arrow hits Robin.
Robin is lightly wounded.
The goblin hits you with a +0 club. The goblin closely misses you.
The hobgoblin closely misses you. x2; The goblin hits you but does no damage.
The hobgoblin closely misses you. The goblin hits you but does no damage.
Robin closely misses you.
The goblin hits you but does no damage. x2
The hobgoblin misses you.
You shoot an arrow. The arrow closely misses Robin.
The goblin no longer looks unusually strong.
The goblin misses you. Robin hits you with a +0 club.
The goblin hits you with a +0 club.
You die...

#..# ##### ..## ####
#...########..# #...
+##........%....#
#.##
..'.............###.#
#...........#.....#
#...........####..#
#.ggg.......####..##
#.g@######..........
#)gg# #..........
.....%. #..........
.........#
#..........
....$..).#
###########
.........# #
.........# ..
.........# ###


You could see Robin, 2 hobgoblins and 3 goblins.

Vanquished Creatures
  A gnoll (D:1)
  A worm (D:2)
  2 ball pythons (D:1)
  5 endoplasms (D:1)
  3 giant cockroaches
  6 hobgoblins
  2 jackals (D:1)
  A quokka (D:1)
  9 bats
  A frilled lizard (D:1)
  10 goblins
  5 kobolds
  4 rats (D:1)
50 creatures vanquished.

Notes
Turn   | Place    | Note
-------+----------+-------------------------------------------
     0 | D:1      | qw the Gargoyle Hunter began the quest for the Orb.
     0 | D:1      | Reached XP level 1. HP: 12/12 MP: 1/1
     0 | D:1      | 0 ||| qw: Version: 0.3-a-76-g4403597
     0 | D:1      | 0 ||| qw: Game counter: 711
     0 | D:1      | 0 ||| qw: Melee chars always use a shield: true
     0 | D:1      | 0 ||| qw: God list: Okawaru
     0 | D:1      | 0 ||| qw: Allow faded altars: false
     0 | D:1      | 0 ||| qw: Do Orc after clearing Dungeon:15 true
     0 | D:1      | 0 ||| qw: Do second Lair branch before Depths: true
     0 | D:1      | 0 ||| qw: Lair rune preference: random
     0 | D:1      | 0 ||| qw: Goals: Normal
     0 | D:1      | 0 ||| PLANNING D:1-11
    94 | D:1      | Reached XP level 2. HP: 17/17 MP: 2/2
   136 | D:1      | Found Vot Ciso's Assorted Antiques.
   159 | D:1      | 159 ||| SHOPLISTING 2 white potions (46 gold, have 36).
   159 | D:1      | 159 ||| SHOPLISTING brass ring (130 gold, have 36).
   159 | D:1      | 159 ||| SHOPLISTING iron wand (104 gold, have 36).
   159 | D:1      | 159 ||| SHOPLISTING runed leather armour (130 gold, have
                  | 36).
   159 | D:1      | 159 ||| BUYING scroll labelled ZATOFU OJIRREG (26 gold).
   159 | D:1      | Bought a scroll labelled ZATOFU OJIRREG for 26 gold pieces
   223 | D:1      | Reached XP level 3. HP: 21/21 MP: 3/3
   287 | D:1      | Reached skill level 5 in Ranged Weapons
   514 | D:1      | 514 ||| UPGRADING to +0 ring mail.
   524 | D:1      | 524 ||| DROPPING +0 leather armour.
   525 | D:1      | 525 ||| READING scroll labelled ZATOFU OJIRREG.
   526 | D:1      | 526 ||| READING scroll labelled PUTHRI DESTE.
   527 | D:1      | 527 ||| DROPPING scroll of butterflies.
   555 | D:2      | 555 ||| STAIRDANCE
   561 | D:2      | 561 ||| STAIRDANCE
   688 | D:2      | Reached skill level 1 in Armour
   714 | D:2      | Reached XP level 4. HP: 27/27 MP: 4/4
   737 | D:2      | Noticed Robin
   746 | D:2      | HP: 3/27 [goblin/+0 club[Robin] (5)]
   750 | D:2      | HP: 1/27 [Robin/+0 club (1)]
   750 | D:2      | Slain by a goblin

Levels and vault maps discovered:
D:1:      minmay_arrival_four_houses, layout_rooms, serial_shops, shop_fountains
D:2:      minmay_kobold_bridge, layout_basic, serial_shops, shop,
          minmay_lizard_pond, uniq_sigmund, uniq_robin

Skill      XL: |  1  2  3 |
---------------+----------+-----
Ranged Weapons | 5 |  5.1
Armour         | 1 |  1.0
Fighting       | |  2.9
Dodging        | |  1.5
Stealth        | |  1.1

Action                     |  1- 3 |  4- 6 || total
---------------------------+-------+-------++-------
   Fire: Shortbow          |   136 |    21 ||   157
    Use: Scroll            |     2 |       ||     2
 Armour: Leather armour    |    25 |       ||    25
         Ring mail         |    22 |    29 ||    51
  Dodge: Dodged            |    54 |    33 ||    87

Table legend:
 A = Non-vault XP
 B = Vault XP
 C = Vault XP percentage of total XP
 D = Non-vault monster count
 E = Vault monster count
 F = Vault count percentage of total count
                 A         B        C        D         E       F
            +---------+---------+-------+---------+---------+-------
      Total |      86 |      11 |  11.3 |      44 |       6 |  12.0
            +---------+---------+-------+---------+---------+-------
        D:1 |      70 |       0 |   0.0 |      37 |       0 |   0.0
        D:2 |      16 |      11 |  40.7 |       7 |       6 |  46.2
            +---------+---------+-------+---------+---------+-------
